 Dungeon Crawl Stone Soup version 0.29-a0-321-gf1c400731a (webtiles) character file.

Game seed: 4552841383074701973

25978 Dabor the Thrower (level 13, -1/99 HPs)
             Began as a Gnoll Wanderer on Apr 5, 2022.
             Was a High Priest of Lugonu.
             Slain by a +3 long sword (14 damage)
             ... on level 14 of the Dungeon.
             The game lasted 00:40:26 (23412 turns).

Dabor the Thrower (Gnoll Wanderer)                 Turns: 23412, Time: 00:40:27

Health: -1/99      AC: 16    Str: 10    XL:     13   Next: 23%
Magic:  25/25      EV: 15    Int: 17    God:    Lugonu [*****.]
Gold:   197        SH:  0    Dex: 13    Spells: 14/29 levels left

rFire   . . .      SeeInvis +   a - +4 trident (vorpal)
rCold   . . .      Faith    .   (no shield)
rNeg    . . .      Spirit   .   C - +2 robe
rPois   +          Reflect  +   B - +2 helmet
rElec   .          Harm     .   F - +0 cloak
rCorr   .          Rampage  .   J - +2 pair of gloves
Will    .....                   M - +2 pair of boots
Stlth   ++........              t - amulet of reflection
HPRegen 0.26/turn               l - ring of see invisible
MPRegen 0.19/turn               c - ring of poison resistance

@: confused, ambrosia-drunk
A: fangs 1, strong nose, distributed training
a: Renounce Religion, Depart the Abyss, Bend Space, Banish, Corrupt, Enter the
Abyss


You were on level 14 of the Dungeon.
You worshipped Lugonu.
Lugonu was extremely pleased with you.
You visited 1 branch of the dungeon, and saw 14 of its levels.

You collected 857 gold pieces.
You spent 660 gold pieces at shops.

Inventory:

Hand Weapons
 a - a +4 vorpal trident (weapon)
 b - a +2 arbalest of flaming
 i - a +4 mace
 r - a +3 battleaxe
Missiles
 d - 602 stones
 n - 9 boomerangs
Armour
 B - a +2 helmet (worn)
 C - a +2 robe (worn)
 F - a +0 cloak (worn)
 J - a +2 pair of gloves (worn)
 K - the +4 scale mail of Fae Divine Compulsion {*Slow rF+++ Will+ Str+2}
   (You found it on level 9 of the Dungeon)

   Str:       It affects your strength (+2).
   rF:        It renders you almost immune to fire.
   *Slow:     It may slow you when you take damage.
   Will:      It increases your willpower.
 M - a +2 pair of boots (worn)
Jewellery
 c - a ring of poison resistance (right hand)
 g - an amulet of guardian spirit
 l - a ring of see invisible (left hand)
 t - an amulet of reflection (around neck)
 v - an amulet of regeneration
Wands
 h - a wand of polymorph (6)
 o - a wand of flame (7)
 G - a wand of digging (5)
Scrolls
 k - 2 scrolls of summoning
 m - 3 scrolls of magic mapping
 q - 8 scrolls of teleportation
 s - 6 scrolls of fog
 y - a scroll of blinking
 z - a scroll of vulnerability
 I - 3 scrolls of enchant weapon
 L - a scroll of immolation
 N - a scroll of amnesia
Potions
 e - 2 potions of attraction
 f - a potion of flight
 j - 4 potions of brilliance
 p - a potion of mutation
 u - 3 potions of cancellation
 A - a potion of magic
 D - a potion of lignification
 H - a potion of ambrosia
Miscellaneous
 w - a lightning rod (inert)


   Skills:
 + Level 8.5 Fighting
 + Level 8.1 Short Blades
 + Level 8.1 Long Blades
 + Level 8.1 Axes
 + Level 8.1 Maces & Flails
 + Level 8.1 Polearms
 + Level 8.1 Staves
 + Level 8.1 Slings
 + Level 8.1 Bows
 + Level 8.1 Crossbows
 + Level 9.4 Throwing
 + Level 8.5 Armour
 + Level 8.1 Dodging
 + Level 8.1 Stealth
 + Level 8.1 Shields
 + Level 8.1 Unarmed Combat
 + Level 8.6 Spellcasting
 + Level 6.7 Conjurations
 + Level 6.7 Hexes
 + Level 6.7 Summonings
 + Level 6.7 Necromancy
 + Level 6.7 Translocations
 + Level 6.7 Transmutations
 + Level 7.8 Fire Magic
 + Level 6.7 Ice Magic
 + Level 6.7 Air Magic
 + Level 7.8 Earth Magic
 + Level 6.7 Poison Magic
 + Level 8.9 Invocations
 + Level 8.5 Evocations


You had 14 spell levels left.
You knew the following spells:

 Your Spells              Type           Power      Damage    Failure   Level
a - Foxfire               Conj/Fire      100%       2x1d9     1%          1
b - Tukima's Dance        Hex            30%        N/A       1%          3
c - Olgreb's Toxic Radia  Pois           30%        N/A       6%          4
d - Ignite Poison         Fire/Tmut/Pois 31%        N/A       1%          3
e - Fulminant Prism       Conj/Hex       15%        3d11      6%          4

Your spell library contained the following spells:

 Spells                   Type           Power      Damage    Failure   Level
 Freeze                   Ice            100%       1d11      1%          1
 Magic Dart               Conj           100%       1d8       1%          1
 Sandblast                Erth           68%        2d15      1%          1
 Ensorcelled Hibernation  Hex/Ice        60%        N/A       1%          2
 Searing Ray              Conj           60%        2d6       1%          2
 Sublimation of Blood     Necr           30%        N/A       1%          2
 Call Canine Familiar     Summ           30%        N/A       1%          3
 Dazzling Flash           Conj/Hex       60%        N/A       1%          3
 Frozen Ramparts          Ice            60%        1d8       1%          3
 Inner Flame              Hex/Fire       32%        N/A       1%          3
 Ozocubu's Armour         Ice            30%        N/A       1%          3
 Portal Projectile        Hex/Tloc       60%        N/A       1%          3
 Spider Form              Tmut/Pois      30%        N/A       1%          3
 Stone Arrow              Conj/Erth      64%        3d11      1%          3
 Flame Wave               Conj/Fire      32%        2d8       4%          4
 Leda's Liquefaction      Hex/Erth       16%        N/A       4%          4
 Petrify                  Tmut/Erth      32%        N/A       4%          4
 Anguish                  Hex/Necr       15%        N/A       6%          4
 Cause Fear               Hex            15%        N/A       6%          4
 Hailstorm                Conj/Ice       30%        3d8       6%          4
 Passage of Golubria      Tloc           30%        N/A       6%          4
 Lee's Rapid Deconstruct  Erth           17%        3d11*     11%         5
 Agony                    Necr           30%        N/A       17%         5
 Irradiate                Conj/Tmut      15%        3d18      17%         5
 Metabolic Englaciation   Hex/Ice        15%        N/A       17%         5
 Silence                  Hex/Air        15%        N/A       17%         5
 Yara's Violent Unravell  Hex/Tmut       15%        3d8       17%         5
 Statue Form              Tmut/Erth      21%        N/A       58%         6
 Simulacrum               Ice/Necr       15%        N/A       67%         6
 Ozocubu's Refrigeration  Ice            15%        4d8       99%         7
 Discord                  Hex            15%        N/A       100%        8
 Ignition                 Fire           17%        3d7       100%        8


Dungeon Overview and Level Annotations

Branches:
Dungeon (14/15)            Temple (0/1) D:4            Lair (0/6) D:11
    Orc: D:9-12      Vaults: D:13-14

Altars:
Dithmenos
Gozag
Hepliaklqana
Makhleb
Nemelex Xobeh
Sif Muna
Trog
Vehumet
Wu Jian
Xom
Lugonu

Shops:
D:5 =[   D:12 :   D:13 *

Annotations:
D:7 2 transporters, nuaici's ghost, novice DjCj


Innate Abilities, Weirdness & Mutations

You have very sharp teeth.
Your uncanny sense of smell can sniff out nearby items.
Your experience applies equally to all skills.


Message History

The boulder beetle is moderately wounded.
The blast of energy engulfs the wraith!
The wraith is almost destroyed.
The +3 long sword hits you!!
Casting: Fulminant Prism (dangerous; 6% risk of failure)
Confirm with . or Enter, or press ? or * to list all spells.
You begin to radiate toxic energy.
The boulder beetle looks even sicker.
The centaur warrior looks even sicker.
The +3 long sword hits you but does no damage.
Casting: Olgreb's Toxic Radiance (dangerous; 6% risk of failure)
Confirm with . or Enter, or press ? or * to list all spells.
Aiming: Fulminant Prism (dangerous; 6% risk of failure)
Press: ? - help, Dir - move target You conjure a prism of explosive energy!
A fulminant prism comes into view.
Your toxic aura wanes.
The +3 long sword closely misses you. The +3 long sword hits you.
You puncture the +3 long sword! Your bite misses the +3 long sword.
The +3 long sword is severely damaged.
The +3 long sword barely misses you. Magic courses through your body.
The +3 long sword hits you!
* * * LOW HITPOINT WARNING * * *
Your fulminant prism crackles loudly.
The +3 long sword hits you!
* * * LOW HITPOINT WARNING * * *
It was a potion of ambrosia.
You are confused.
You feel invigorated. The +3 long sword hits you.
* * * LOW HITPOINT WARNING * * *
Your fulminant prism explodes!
The blast of energy engulfs the centaur warrior!
You kill the centaur warrior!
Lugonu accepts your kill.
The blast of energy engulfs the wraith!
You destroy the wraith!
Lugonu accepts your kill.
You can now gate yourself to the Abyss.
The blast of energy engulfs the +3 long sword!
The +3 long sword is severely damaged.
The +3 long sword hits you!
You die...

#.###.##
#......#
#####..##
#....#.##
#.#.###.##
....# ##.##
..... ##.#
..... ∆##.(#
#:#. #@#.# ##
#..).(......#
(.....###......
##.... ####.##
#.... .# .....
# .... ∆ ##.. ∆


You could see a +3 long sword.

Vanquished Creatures
  2 hydras
  A centaur warrior (D:14)
  2 boulder beetles
  A dancing weapon (D:14)
  4 two-headed ogres
  3 deep elf pyromancers
  Pikel (D:5)
  A manticore (D:13)
  A cyclops (D:13)
  A gargoyle (D:13)
  Maggie (D:6)
  A kobold demonologist (D:9)
  2 unseen horrors
  5 yaktaurs (D:12)
  2 hornets
  9 trolls
  3 shadows
  2 vampires
  6 wraiths
  7 yaks
  A basilisk (D:13)
  5 vampire mosquitoes
  2 wyverns
  3 steam dragons
  2 acid dragons
  2 water moccasins
  A meliai simulacrum (D:12)
  9 orc warriors
  An ice beast (D:6)
  A black bear (D:11)
  4 ogres
  3 centaurs
  2 phantoms (D:5)
  3 kobold brigands
  9 bullfrogs
  5 gnoll sergeants
  A necrophage (D:7)
  6 scorpions
  2 earth elementals (D:13)
  10 wights
  6 killer bees (D:11)
  3 electric eels (D:7)
  6 howler monkeys
  5 hounds
  Crazy Yiuf (D:6)
  2 orc priests
  2 gnoll shamans (D:7)
  2 iguanas
  10 orc wizards
  15 gnolls
  8 adders
  3 shadow imps
  An ufetubus (D:7)
  24 orcs
  4 bats
  10 endoplasms
  3 giant cockroaches
  9 goblins
  7 hobgoblins
  3 jackals
  4 quokkas
  6 ball pythons
  2 frilled lizards
  13 kobolds
  5 rats
281 creatures vanquished.

Vanquished Creatures (collateral kills)
  A two-headed ogre (D:12)
  A wraith (D:12)
  2 vampire mosquitoes (D:12)
  3 wights
  A gnoll (D:7)
  An orc (D:8)
  5 foxfires
14 creatures vanquished.

Vanquished Creatures (others)
  8 dancing weapons
  1015 foxfires
  11 fulminant prisms
  16 fungi (D:11)
  44 plants
1094 creatures vanquished.

Grand Total: 1389 creatures vanquished

Notes
Turn   | Place    | Note
-------+----------+-------------------------------------------
     0 | D:1      | Dabor the Gnoll Wanderer began the quest for the Orb.
     0 | D:1      | Dabor set off with the following items: a +0 dagger, 10
                  | boomerangs, a potion of heal wounds, 35 stones, a +0 robe;
                  | and the following spells available to memorise: Sandblast,
                  | Foxfire, Stone Arrow, Ignite Poison, Flame Wave
     0 | D:1      | Reached XP level 1. HP: 17/17 MP: 4/4
    20 | D:1      | Learned a level 1 spell: Foxfire
   414 | D:1      | Reached XP level 2. HP: 23/23 MP: 1/5
   819 | D:1      | Reached XP level 3. HP: 28/28 MP: 7/7
  1519 | D:2      | Reached skill level 1 in Invocations
  1695 | D:2      | Reached skill level 1 in Short Blades
  1695 | D:2      | Reached skill level 1 in Long Blades
  1695 | D:2      | Reached skill level 1 in Axes
  1695 | D:2      | Reached skill level 1 in Maces & Flails
  1695 | D:2      | Reached skill level 1 in Polearms
  1695 | D:2      | Reached skill level 1 in Staves
  1695 | D:2      | Reached skill level 1 in Slings
  1695 | D:2      | Reached skill level 1 in Bows
  1695 | D:2      | Reached skill level 1 in Crossbows
  1695 | D:2      | Reached skill level 1 in Dodging
  1695 | D:2      | Reached skill level 1 in Stealth
  1695 | D:2      | Reached skill level 1 in Shields
  1695 | D:2      | Reached skill level 1 in Unarmed Combat
  2084 | D:2      | Reached XP level 4. HP: 34/34 MP: 8/8
  2176 | D:2      | Found a faded altar of an unknown god.
  2433 | D:2      | Prayed at the altar of an unknown god.
  2433 | D:2      | Became a worshipper of Lugonu the Unformed
  2433 | D:2      | Reached * piety under Lugonu
  2433 | D:2      | Reached ** piety under Lugonu
  2695 | D:3      | Noticed a scorpion
  2716 | D:3      | Killed a scorpion
  2717 | D:3      | Reached skill level 1 in Conjurations
  2717 | D:3      | Reached skill level 1 in Hexes
  2717 | D:3      | Reached skill level 1 in Summonings
  2717 | D:3      | Reached skill level 1 in Necromancy
  2717 | D:3      | Reached skill level 1 in Translocations
  2717 | D:3      | Reached skill level 1 in Transmutations
  2717 | D:3      | Reached skill level 1 in Ice Magic
  2717 | D:3      | Reached skill level 1 in Air Magic
  2717 | D:3      | Reached skill level 1 in Poison Magic
  2717 | D:3      | Reached XP level 5. HP: 10/40 MP: 1/9
  4451 | D:3      | Found a shimmering altar of Xom.
  4452 | D:3      | Found a bloodstained altar of Trog.
  4453 | D:3      | Found a sparkling altar of Nemelex Xobeh.
  4453 | D:3      | Found an ornate altar of the Wu Jian Council.
  4529 | D:4      | Reached XP level 6. HP: 47/47 MP: 6/10
  4730 | D:4      | Found a staircase to the Ecumenical Temple.
  4755 | D:4      | Reached skill level 5 in Throwing
  5271 | D:5      | Entered Level 5 of the Dungeon
  5394 | D:5      | Found Nunkis's Armour Emporium.
  5409 | D:5      | Reached XP level 7. HP: 34/52 MP: 1/12
  5530 | D:5      | Bought a +2 robe for 177 gold pieces
  5621 | D:5      | Found Nurugh's Jewellery Emporium.
  7101 | D:5      | Reached XP level 8. HP: 50/60 MP: 3/14
  7119 | D:6      | Noticed Maggie
  7119 | D:6      | Noticed Pikel
  7153 | D:5      | Killed Pikel
  7397 | D:6      | Learned a level 3 spell: Tukima's Dance
  7726 | D:6      | Killed Maggie
  7727 | D:6      | Reached skill level 6 in Throwing
  7727 | D:6      | Reached skill level 5 in Fire Magic
  7727 | D:6      | Reached skill level 5 in Earth Magic
  7727 | D:6      | Reached XP level 9. HP: 66/66 MP: 14/16
  7734 | D:6      | Reached *** piety under Lugonu
  7892 | D:6      | Found a runed translucent door.
  7893 | D:6      | Noticed Crazy Yiuf
  7938 | D:6      | Reached skill level 5 in Spellcasting
  8401 | D:6      | Killed Crazy Yiuf
  8598 | D:7      | Found an opulent altar of Gozag.
  8661 | D:7      | Reached skill level 5 in Fighting
  8661 | D:7      | Reached skill level 5 in Armour
  8661 | D:7      | Reached skill level 5 in Evocations
  9302 | D:7      | Reached skill level 5 in Invocations
  9679 | D:7      | Noticed a boulder beetle
  9689 | D:7      | Killed a boulder beetle
  9690 | D:7      | Reached XP level 10. HP: 76/76 MP: 18/18
  9715 | D:7      | Found a transporter.
  9716 | D:7      | Noticed nuaici's ghost (novice DjCj)
  9717 | D:7      | Identified the +5 dire flail of Aschiuw {spect, rPois Will-
                  | Dex+4}
  9717 | D:7      | Identified the +8 dire flail of Starshine {flame, rF+}
  9717 | D:7      | Noticed a two-headed ogre
  9760 | D:7      | Found a transporter.
 10031 | D:8      | Reached skill level 5 in Short Blades
 10031 | D:8      | Reached skill level 5 in Long Blades
 10031 | D:8      | Reached skill level 5 in Axes
 10031 | D:8      | Reached skill level 5 in Maces & Flails
 10031 | D:8      | Reached skill level 5 in Polearms
 10031 | D:8      | Reached skill level 5 in Staves
 10031 | D:8      | Reached skill level 5 in Slings
 10031 | D:8      | Reached skill level 5 in Bows
 10031 | D:8      | Reached skill level 5 in Crossbows
 10031 | D:8      | Reached skill level 5 in Dodging
 10031 | D:8      | Reached skill level 5 in Stealth
 10031 | D:8      | Reached skill level 5 in Shields
 10031 | D:8      | Reached skill level 5 in Unarmed Combat
 10448 | D:7      | Learned a level 4 spell: Olgreb's Toxic Radiance
 10452 | D:7      | Learned a level 3 spell: Ignite Poison
 10571 | D:8      | Reached skill level 7 in Throwing
 10727 | D:8      | Noticed a two-headed ogre
 10736 | D:8      | Killed a two-headed ogre
 10777 | D:8      | Reached **** piety under Lugonu
 11258 | D:8      | Found a burning altar of Makhleb.
 12321 | D:9      | Reached XP level 11. HP: 83/83 MP: 10/20
 12496 | D:9      | Found a radiant altar of Vehumet.
 12881 | D:9      | Found a hazy altar of Hepliaklqana.
 13071 | D:9      | Reached skill level 5 in Conjurations
 13071 | D:9      | Reached skill level 5 in Hexes
 13071 | D:9      | Reached skill level 5 in Summonings
 13071 | D:9      | Reached skill level 5 in Necromancy
 13071 | D:9      | Reached skill level 5 in Translocations
 13071 | D:9      | Reached skill level 5 in Transmutations
 13071 | D:9      | Reached skill level 5 in Ice Magic
 13071 | D:9      | Reached skill level 5 in Air Magic
 13071 | D:9      | Reached skill level 5 in Poison Magic
 13226 | D:9      | Identified the +4 scale mail of Fae Divine Compulsion
                  | {*Slow rF+++ Will+ Str+2}
 13250 | D:10     | Entered Level 10 of the Dungeon
 13312 | D:10     | Found a shimmering blue altar of Sif Muna.
 13420 | D:10     | HP: 4/83 [vampire/vampiric draining (14)]
 14380 | D:10     | Noticed a two-headed ogre
 14404 | D:10     | Killed a two-headed ogre
 14685 | D:10     | Found a shadowy altar of Dithmenos.
 15103 | D:11     | Noticed a boulder beetle
 15103 | D:11     | Noticed a boulder beetle
 15103 | D:11     | Noticed a two-headed ogre
 15134 | D:11     | Noticed a six-headed hydra
 15151 | D:11     | Killed a six-headed hydra
 15152 | D:11     | Reached skill level 8 in Throwing
 15158 | D:11     | Reached ***** piety under Lugonu
 15554 | D:11     | Banished a boulder beetle
 15799 | D:11     | Banished a boulder beetle
 16066 | D:11     | Paralysed by a hornet for 2 turns
 16195 | D:11     | Reached XP level 12. HP: 91/91 MP: 19/23
 16631 | D:11     | Noticed a two-headed ogre
 16632 | D:11     | Banished a two-headed ogre
 17176 | D:11     | Noticed a boulder beetle
 17181 | D:11     | Killed a boulder beetle
 17313 | D:11     | Killed a two-headed ogre
 17653 | D:11     | Found a staircase to the Lair.
 19562 | D:12     | Noticed a four-headed hydra
 19580 | D:12     | Killed a four-headed hydra
 19629 | D:12     | Reached skill level 9 in Throwing
 19879 | D:12     | Noticed a two-headed ogre
 19889 | D:12     | Killed a two-headed ogre
 20111 | D:12     | Found Xaxekkass's Book Shop.
 20376 | D:5      | Bought an amulet of reflection for 420 gold pieces
 21330 | D:13     | Reached XP level 13. HP: 74/98 MP: 14/25
 21935 | D:5      | Bought a +0 pair of boots for 63 gold pieces
 22798 | D:12     | Learned a level 4 spell: Fulminant Prism
 23086 | D:13     | Found Imuder's Pet Rocks.
 23412 | D:14     | Slain by a +3 long sword

Illustrated notes

Levels and vault maps discovered:
D:1:      dpeg_arrival_simpleton_c, layout_rooms
D:2:      minmay_inner_zag, layout_rooms, shapermc_ecumenical_altar_notcrosses
D:3:      layout_basic, chequers_temple_overflow_statue_of_worship,
          kennysheep_boxes
D:4:      minmay_wonky_spiral, layout_rooms, temple_doors_cd,
          minmay_crystal_room
D:5:      layout_loops_ring, serial_shops, nicolae_diamond_shop,
          minmay_shop_enchanted_jewellery
D:6:      layout_rooms, chequers_decorated_corner, minmay_splitting_lines,
          uniq_crazy_yiuf_cottage, uniq_maggie, uniq_pikel
D:7:      layout_loops_ring, nicolae_gozag_seed_capital, gammafunk_ghost_smash,
          serial_bayou_lake_a
D:8:      layout_rooms, lightli_temple_of_fire, chequers_serial_rivers_small_b
D:9:      layout_irregular_city, vehumet_altar_wand_db,
          nicolae_hepliaklqana_hippocampus
D:10:     layout_loops_ring, kennysheep_orc_sif_temple,
          mainiacjoe_overflow_concentric_impassable,
          kennysheep_opposing_triangles
D:11:     minmay_s_stair_smasher, layout_small_grid,
          grunt_lair_entry_orc_guard_hut, kennysheep_orc_monster_closet_entryway
D:12:     layout_roguey, serial_shops, nicolae_shop_trees,
          hangedman_abyss_or_decor_stagger
D:13:     layout_cave_pools, guppyfry_shop_earth
D:14:     layout_loops_ring, erik_vaults_1, nrook_mini_backslash

Skill      XL: |  1  2  3  4  5  6  7  8  9 10 11 12 13 |
---------------+----------------------------------------+-----
Invocations    | 1 2 3 4 5 6 7 8 |  8.9
Short Blades   | 1 2 3 4 5 6 7 8 |  8.1
Long Blades    | 1 2 3 4 5 6 7 8 |  8.1
Axes           | 1 2 3 4 5 6 7 8 |  8.1
Maces & Flails | 1 2 3 4 5 6 7 8 |  8.1
Polearms       | 1 2 3 4 5 6 7 8 |  8.1
Staves         | 1 2 3 4 5 6 7 8 |  8.1
Slings         | 1 2 3 4 5 6 7 8 |  8.1
Bows           | 1 2 3 4 5 6 7 8 |  8.1
Crossbows      | 1 2 3 4 5 6 7 8 |  8.1
Dodging        | 1 2 3 4 5 6 7 8 |  8.1
Stealth        | 1 2 3 4 5 6 7 8 |  8.1
Shields        | 1 2 3 4 5 6 7 8 |  8.1
Unarmed Combat | 1 2 3 4 5 6 7 8 |  8.1
Spellcasting   | 3 4 5 6 7 8 |  8.6
Conjurations   | 1 2 3 4 5 6 |  6.7
Hexes          | 1 2 3 4 5 6 |  6.7
Summonings     | 1 2 3 4 5 6 |  6.7
Necromancy     | 1 2 3 4 5 6 |  6.7
Translocations | 1 2 3 4 5 6 |  6.7
Transmutations | 1 2 3 4 5 6 |  6.7
Ice Magic      | 1 2 3 4 5 6 |  6.7
Air Magic      | 1 2 3 4 5 6 |  6.7
Poison Magic   | 1 2 3 4 5 6 |  6.7
Fighting       | 3 4 5 6 7 8 |  8.5
Armour         | 3 4 5 6 7 8 |  8.5
Fire Magic     | 4 5 6 7 |  7.8
Earth Magic    | 4 5 6 7 |  7.8
Evocations     | 3 4 5 6 7 8 |  8.5
Throwing       | 5 6 7 8 9 |  9.4

Action                   |  1- 3 |  4- 6 |  7- 9 | 10-12 | 13-15 || total
-------------------------+-------+-------+-------+-------+-------++-------
Melee: Dagger            |    23 |       |       |       |       ||    23
       Bite              |     5 |     3 |    13 |    28 |     9 ||    58
       Mace              |    40 |    75 |    64 |       |       ||   179
       Punch             |       |     3 |     2 |    10 |     1 ||    16
       Battleaxe         |       |       |    50 |    46 |       ||    96
       Trident           |       |       |       |   269 |    60 ||   329
 Fire: Arbalest          |       |       |       |    16 |       ||    16
Throw: Boomerang         |     8 |     4 |    17 |    46 |     4 ||    79
       Dart              |       |     5 |     3 |     4 |       ||    12
       Throwing net      |       |     1 |     1 |       |       ||     2
       Stone             |       |       |       |       |     1 ||     1
 Cast: Foxfire           |    59 |   135 |   141 |   232 |    31 ||   598
       Tukima's Dance    |       |       |    13 |    33 |     1 ||    47
       Olgreb's Toxic Ra |       |       |       |    47 |     5 ||    52
       Ignite Poison     |       |       |       |    18 |     1 ||    19
       Fulminant Prism   |       |       |       |       |    11 ||    11
Invok: Bend Space        |       |     5 |     6 |    22 |       ||    33
       Banish            |       |       |       |     4 |       ||     4
Evoke: Wand              |       |       |    15 |    20 |       ||    35
       Lightning rod     |       |       |       |       |     5 ||     5
  Use: Scroll            |     2 |     2 |     2 |     5 |    15 ||    26
       Potion            |       |       |     5 |     6 |     3 ||    14
 Stab: Sleeping          |       |     1 |       |     3 |       ||     4
Armor: Robe              |    16 |    17 |    33 |    31 |    10 ||   107
       Skin              |       |       |    17 |       |       ||    17
       Scale mail        |       |       |       |    87 |       ||    87
Dodge: Dodged            |    51 |    57 |    84 |   238 |    49 ||   479
Block: Other             |       |       |       |     7 |    11 ||    18
       Reflection        |       |       |       |       |     1 ||     1

Table legend: (Time is in decaauts)
 A = Elapsed time spent in this place.
 B = Non-inter-level travel time spent in this place.
 C = Inter-level travel time spent in this place.
 D = Time resting spent in this place.
 E = Time spent auto-exploring this place.
 F = Levels seen in this place.
 G = Mean time per level.
                   A        B        C        D        E       F      G
               +--------+--------+--------+--------+--------+-----+--------+
         Total |  23603 |  22241 |   1362 |   6559 |  12545 |  14 | 1685.9 |
       Dungeon |  23603 |  22241 |   1362 |   6559 |  12545 |  14 | 1685.9 |
               +--------+--------+--------+--------+--------+-----+--------+

Top non-repeatable levels by time:
    D:10: 3090 daAuts
    D:12: 3036 daAuts
    D:11: 2648 daAuts
     D:5: 2347 daAuts
     D:3: 2023 daAuts
     D:8: 1740 daAuts
     D:9: 1572 daAuts
     D:7: 1501 daAuts
     D:2: 1390 daAuts
     D:6: 1276 daAuts
     D:1: 1225 daAuts
    D:13: 989 daAuts
     D:4: 666 daAuts
    D:14: 94 daAuts
